TOP OF THE 1ST |
Everett AquaSox batting - Pitching for Lowell Spinners : RHP Michel van Kampen
|
Pitching: RHP Michel van Kampen
|
|
Batting: SHB Raghnall Ahearne
|
0-0: Ball 1-0: DOUBLE (Line Drive, 78D, EV 105.0 MPH)
|
Batting: LHB Kenny Gerrity
|
0-0: Foul Ball, location: 2F 0-1: Ball 1-1: Ball 2-1: Ball 3-1: Called Strike 3-2: Base on Balls
|
Batting: RHB John Peterson
|
0-0: Ball 1-0: Ball Raghnall Ahearne steals 3rd base Kenny Gerrity to second 2-0: Ball 3-0: Called Strike 3-1: Called Strike 3-2: Base on Balls
|
Batting: RHB Justin Colella
|
0-0: Ball 1-0: Ground out 5-3 (Groundball, 56S, EV 71.9 MPH) Raghnall Ahearne scores Kenny Gerrity to third John Peterson to second
|
Batting: LHB Ryan Rothenbach
|
0-0: Ball 1-0: Called Strike 1-1: Called Strike 1-2: Ground out U3 (Groundball, 3L, EV 93.1 MPH)
|
Batting: RHB Clay Statum
|
0-0: Ball 1-0: DOUBLE (Groundball, 5L, EV 100.0 MPH) Kenny Gerrity scores John Peterson scores
|
Batting: LHB David Walker
|
0-0: Ground out U3 (Groundball, 34, EV 82.5 MPH)
|
Top of the 1st over - 3 runs, 2 hits, 0 errors, 1 left on base; Everett 3 - Lowell 0 |
BOTTOM OF THE 1ST |
Lowell Spinners batting - Pitching for Everett AquaSox : LHP Sanjog Veera
|
Pitching: LHP Sanjog Veera
|
|
Batting: RHB Larry Brocato
|
0-0: Ball 1-0: Ball 2-0: Swinging Strike 2-1: Swinging Strike 2-2: Foul Ball, location: 2F 2-2: Ball 3-2: Base on Balls
|
Batting: LHB Nelis Geurts
|
0-0: Ball 1-0: Called Strike 1-1: Ball Larry Brocato is caught stealing 2nd base 2-6 2-1: Fly out, F7 (Flyball, 7, EV 86.9 MPH)
|
Batting: RHB Guillermo Quintero
|
0-0: Called Strike 0-1: Ball 1-1: Ball 2-1: Ball 3-1: Fly out, F8 (Flyball, 8RS, EV 91.9 MPH)
|
Bottom of the 1st over - 0 runs, 0 hits, 0 errors, 0 left on base; Everett 3 - Lowell 0 |
TOP OF THE 2ND |
Everett AquaSox batting - Pitching for Lowell Spinners : RHP Michel van Kampen
|
Batting: RHB Chris Van Niel
|
0-0: Called Strike 0-1: Ball 1-1: Ball 2-1: Called Strike 2-2: Foul Ball, location: 2F 2-2: Strikes out swinging
|
Batting: RHB Omar Solis
|
0-0: Ball 1-0: Swinging Strike 1-1: Called Strike 1-2: Ball 2-2: Strikes out looking
|
Batting: SHB Raghnall Ahearne
|
0-0: Ball 1-0: Ball 2-0: Swinging Strike 2-1: Ball 3-1: Base on Balls
|
Batting: LHB Kenny Gerrity
|
0-0: Ball Raghnall Ahearne steals 2nd base (no throw) 1-0: Foul Ball, location: 2F 1-1: Ground out 4-3 (Groundball, 4S, EV 85.0 MPH)
|
Top of the 2nd over - 0 runs, 0 hits, 0 errors, 1 left on base; Everett 3 - Lowell 0 |
BOTTOM OF THE 2ND |
Lowell Spinners batting - Pitching for Everett AquaSox : LHP Sanjog Veera
|
Batting: RHB Joel Vazquez
|
0-0: SINGLE (Line Drive, 56, EV 98.8 MPH)
|
Batting: RHB Jose Diaz
|
0-0: Grounds into double play, 6-4-3 (Groundball, 6, EV 85.0 MPH)
|
Batting: RHB Billy Ratz
|
0-0: Ball 1-0: Ball 2-0: Called Strike 2-1: SINGLE (Groundball, 5S, EV 63.1 MPH) (infield hit)
|
Batting: RHB Bobby Schimke
|
0-0: Ground out 5-3 (Groundball, 56S, EV 66.9 MPH)
|
Bottom of the 2nd over - 0 runs, 2 hits, 0 errors, 1 left on base; Everett 3 - Lowell 0 |
TOP OF THE 3RD |
Everett AquaSox batting - Pitching for Lowell Spinners : RHP Michel van Kampen
|
Batting: RHB John Peterson
|
0-0: Ball 1-0: Foul Ball, location: 2F 1-1: Swinging Strike 1-2: Ground out 5-3 (Groundball, 56, EV 92.5 MPH)
|
Batting: RHB Justin Colella
|
0-0: Ball 1-0: Ball 2-0: Called Strike 2-1: Ball 3-1: Foul Ball, location: 2F 3-2: Foul Ball, location: 2F 3-2: Foul Ball, location: 2F 3-2: Base on Balls
|
Batting: LHB Ryan Rothenbach
|
0-0: Ball Wild Pitch! Justin Colella to second 1-0: Called Strike Passed Ball! Justin Colella to third 1-1: Called Strike 1-2: Reached on error, E1 (Groundball, 15S, EV 72.5 MPH) Justin Colella scores
|
Batting: RHB Clay Statum
|
0-0: Ball 1-0: DOUBLE (Line Drive, 78M, EV 93.8 MPH) Ryan Rothenbach scores
|
Pitching: LHP Bryan Schaffer
|
|
Batting: LHB David Walker
|
0-0: Swinging Strike 0-1: Called Strike 0-2: Ball 1-2: SINGLE (Line Drive, 78S, EV 89.4 MPH) Clay Statum to third Runner from 3rd tries for Home, SAFE, throw by LF to home
|
Batting: RHB Chris Van Niel
|
0-0: Called Strike 0-1: Called Strike David Walker steals 2nd base 0-2: Strikes out swinging
|
Batting: RHB Omar Solis
|
0-0: Foul Ball, location: 2F 0-1: Ball David Walker steals 3rd, throwing error, E2 David Walker scores 1-1: Ball 2-1: Swinging Strike 2-2: Ground out 5-3 (Groundball, 56S, EV 77.5 MPH)
|
Top of the 3rd over - 4 runs, 2 hits, 2 errors, 0 left on base; Everett 7 - Lowell 0 |
BOTTOM OF THE 3RD |
Lowell Spinners batting - Pitching for Everett AquaSox : LHP Sanjog Veera
|
Batting: LHB Masumi Abe
|
0-0: SINGLE (Line Drive, 5D, EV 106.2 MPH)
|
Batting: RHB Jose Conde
|
0-0: Called Strike 0-1: Called Strike 0-2: Ball 1-2: Fielders Choice at 2nd, 4-6 (Groundball, 4M, EV 80.0 MPH)
|
Batting: RHB Larry Brocato
|
0-0: Ball 1-0: Ball 2-0: Ball Wild Pitch! Jose Conde to second 3-0: Called Strike 3-1: Ground out 4-3 (Groundball, 4, EV 87.5 MPH) Jose Conde to third
|
Batting: LHB Nelis Geurts
|
0-0: Called Strike 0-1: Ball 1-1: Fly out, F7 (Flyball, 7, EV 95.6 MPH)
|
Bottom of the 3rd over - 0 runs, 1 hit, 0 errors, 1 left on base; Everett 7 - Lowell 0 |
TOP OF THE 4TH |
Everett AquaSox batting - Pitching for Lowell Spinners : LHP Bryan Schaffer
|
Batting: SHB Raghnall Ahearne
|
0-0: Foul Ball, location: 2F 0-1: DOUBLE (Line Drive, 5D, EV 101.2 MPH)
|
Batting: LHB Kenny Gerrity
|
0-0: Swinging Strike 0-1: Foul Ball, location: 2F 0-2: Ball 1-2: Foul Ball, location: 2F 1-2: Ground out U3 (Groundball, 34, EV 86.9 MPH) Raghnall Ahearne to third
|
Batting: RHB John Peterson
|
0-0: Swinging Strike 0-1: Called Strike 0-2: Ball 1-2: Strikes out swinging
|
Batting: RHB Justin Colella
|
0-0: Foul Ball, location: 2F 0-1: Foul Ball, location: 2F 0-2: Foul Ball, location: 2F 0-2: Strikes out swinging
|
Top of the 4th over - 0 runs, 1 hit, 0 errors, 1 left on base; Everett 7 - Lowell 0 |
BOTTOM OF THE 4TH |
Lowell Spinners batting - Pitching for Everett AquaSox : LHP Sanjog Veera
|
Batting: RHB Guillermo Quintero
|
0-0: Foul Ball, location: 2F 0-1: Ball 1-1: Ball 2-1: Swinging Strike 2-2: Foul Ball, location: 2F 2-2: Ball 3-2: Strikes out looking
|
Batting: RHB Joel Vazquez
|
0-0: Ball 1-0: Called Strike 1-1: DOUBLE (Line Drive, 3D, EV 99.4 MPH)
|
Batting: RHB Jose Diaz
|
0-0: Ball 1-0: Fly out, F9 (Flyball, 9S, EV 86.2 MPH)
|
Batting: RHB Billy Ratz
|
0-0: Called Strike 0-1: Ground out 4-3 (Groundball, 4, EV 90.0 MPH)
|
Bottom of the 4th over - 0 runs, 1 hit, 0 errors, 1 left on base; Everett 7 - Lowell 0 |
TOP OF THE 5TH |
Everett AquaSox batting - Pitching for Lowell Spinners : LHP Bryan Schaffer
|
Batting: LHB Ryan Rothenbach
|
0-0: Ground out 5-3 (Groundball, 5, EV 79.4 MPH)
|
Batting: RHB Clay Statum
|
0-0: Foul Ball, location: 2F 0-1: Ball 1-1: SINGLE (Groundball, 6MD, EV 106.9 MPH)
|
Batting: LHB David Walker
|
0-0: Called Strike 0-1: Fielders Choice at 2nd, 4-6 (Groundball, 4, EV 80.6 MPH)
|
Batting: RHB Chris Van Niel
|
0-0: Ball 1-0: Called Strike David Walker steals 2nd base 1-1: Ball 2-1: Foul Ball, location: 2F 2-2: Strikes out swinging
|
Top of the 5th over - 0 runs, 1 hit, 0 errors, 1 left on base; Everett 7 - Lowell 0 |
BOTTOM OF THE 5TH |
Lowell Spinners batting - Pitching for Everett AquaSox : LHP Sanjog Veera
|
Batting: RHB Bobby Schimke
|
0-0: Called Strike 0-1: Ball 1-1: Swinging Strike 1-2: Ground out 1-3 (Groundball, 13S, EV 64.4 MPH)
|
Batting: LHB Masumi Abe
|
0-0: Fly out, F8 (Flyball, 8LXD, EV 94.4 MPH)
|
Batting: RHB Jose Conde
|
0-0: Ball 1-0: Swinging Strike 1-1: Ball 2-1: Ground out 6-3 (Groundball, 6MD, EV 86.9 MPH)
|
Bottom of the 5th over - 0 runs, 0 hits, 0 errors, 0 left on base; Everett 7 - Lowell 0 |
TOP OF THE 6TH |
Everett AquaSox batting - Pitching for Lowell Spinners : LHP Bryan Schaffer
|
Batting: RHB Omar Solis
|
0-0: Foul Ball, location: 2F 0-1: Foul Ball, location: 2F 0-2: Strikes out swinging
|
Batting: SHB Raghnall Ahearne
|
0-0: Foul Ball, location: 2F 0-1: Ball 1-1: Ball 2-1: Ball 3-1: Called Strike 3-2: Base on Balls
|
Pitching: RHP Jimmy Scali
|
|
Batting: LHB Kenny Gerrity
|
0-0: Ball 1-0: Fly out, F9 (Flyball, 89S, EV 79.4 MPH)
|
Batting: RHB John Peterson
|
0-0: Ball Raghnall Ahearne steals 2nd base (no throw) 1-0: Called Strike 1-1: Foul Ball, location: 2F 1-2: Foul Ball, location: 2F 1-2: Ball 2-2: Foul Ball, location: 2F 2-2: Foul Ball, location: 2F 2-2: Strikes out swinging
|
Top of the 6th over - 0 runs, 0 hits, 0 errors, 1 left on base; Everett 7 - Lowell 0 |
BOTTOM OF THE 6TH |
Lowell Spinners batting - Pitching for Everett AquaSox : LHP Sanjog Veera
|
Batting: RHB Larry Brocato
|
0-0: Called Strike 0-1: Swinging Strike 0-2: Fly out, F7 (Line Drive, 7, EV 89.4 MPH)
|
Batting: LHB Nelis Geurts
|
0-0: Ground out 6-3 (Groundball, P, EV 88.1 MPH)
|
Batting: RHB Guillermo Quintero
|
0-0: Called Strike 0-1: SOLO HOME RUN (Flyball, 7D, EV 98.8 MPH), Distance : 392 ft
|
Batting: RHB Joel Vazquez
|
0-0: Swinging Strike 0-1: Ground out 5-3 (Groundball, 56, EV 100.6 MPH)
|
Bottom of the 6th over - 1 run, 1 hit, 0 errors, 0 left on base; Everett 7 - Lowell 1 |
TOP OF THE 7TH |
Everett AquaSox batting - Pitching for Lowell Spinners : RHP Jimmy Scali
|
Batting: RHB Justin Colella
|
0-0: Called Strike 0-1: Foul Ball, location: 2F 0-2: Fly out, F8 (Flyball, 8LS, EV 97.5 MPH)
|
Batting: LHB Ryan Rothenbach
|
0-0: Foul Ball, location: 2F 0-1: Ball 1-1: Ball 2-1: Hit by Pitch
|
Batting: RHB Clay Statum
|
0-0: Called Strike Ryan Rothenbach steals 2nd base 0-1: Ball 1-1: Swinging Strike 1-2: Ball 2-2: Ball 3-2: Base on Balls
|
Batting: LHB David Walker
|
0-0: Ball Wild Pitch! Ryan Rothenbach to third Clay Statum to second 1-0: Ball 2-0: Ball 3-0: Base on Balls
|
Batting: RHB Chris Van Niel
|
0-0: Ball 1-0: Swinging Strike 1-1: Swinging Strike 1-2: Fly out, F9 (Line Drive, 9, EV 93.8 MPH) Runner from 3rd tags up, SCORES, throw by RF Clay Statum to third
|
Batting: RHB Omar Solis
|
0-0: Ball David Walker steals 2nd base 1-0: Ground out 6-3 (Groundball, 6, EV 88.8 MPH)
|
Top of the 7th over - 1 run, 0 hits, 0 errors, 2 left on base; Everett 8 - Lowell 1 |
BOTTOM OF THE 7TH |
Lowell Spinners batting - Pitching for Everett AquaSox : LHP Sanjog Veera
|
Batting: RHB Jose Diaz
|
0-0: Ball 1-0: Ground out 6-3 (Groundball, 56, EV 85.0 MPH)
|
Batting: RHB Billy Ratz
|
0-0: Ball 1-0: Swinging Strike 1-1: Called Strike 1-2: Foul Ball, location: 2F 1-2: Strikes out swinging
|
Pinch Hitting: RHB Nick Ameen
|
0-0: Ball 1-0: Foul Ball, location: 2F 1-1: Swinging Strike 1-2: Ball 2-2: SINGLE (Line Drive, 5L, EV 95.6 MPH)
|
Batting: LHB Masumi Abe
|
0-0: Called Strike 0-1: Ball 1-1: Fly out, F8 (Line Drive, 8LD, EV 85.6 MPH)
|
Bottom of the 7th over - 0 runs, 1 hit, 0 errors, 1 left on base; Everett 8 - Lowell 1 |
TOP OF THE 8TH |
Everett AquaSox batting - Pitching for Lowell Spinners : RHP Jimmy Scali
|
Now at 2B: Joel Vazquez
|
|
Now at 3B: Nick Ameen
|
|
Batting: SHB Raghnall Ahearne
|
0-0: Called Strike 0-1: Ball 1-1: Ball 2-1: Called Strike 2-2: Ball 3-2: Foul Ball, location: 2F 3-2: Base on Balls
|
Batting: LHB Kenny Gerrity
|
0-0: Ball Raghnall Ahearne steals 2nd base 1-0: Ball 2-0: Ball 3-0: Called Strike 3-1: Base on Balls
|
Batting: RHB John Peterson
|
0-0: Foul Ball, location: 2F 0-1: Foul Ball, location: 2F 0-2: Strikes out swinging
|
Pitching: RHP Jeremy Seitz
|
|
Batting: LHB Omar Colunga
|
0-0: Ball Passed Ball! Raghnall Ahearne to third Kenny Gerrity to second 1-0: Foul Ball, location: 2F 1-1: Ball 2-1: Ball 3-1: Fly out, F6 (Popup, 6M, EV 50.6 MPH)
|
Batting: LHB Ryan Rothenbach
|
0-0: DOUBLE (Flyball, 8LXD, EV 103.8 MPH) Raghnall Ahearne scores Kenny Gerrity scores
|
Batting: RHB Clay Statum
|
0-0: Ball 1-0: Called Strike 1-1: Foul Ball, location: 2F 1-2: Foul Ball, location: 2F 1-2: Ball 2-2: Strikes out swinging
|
Top of the 8th over - 2 runs, 1 hit, 0 errors, 1 left on base; Everett 10 - Lowell 1 |
BOTTOM OF THE 8TH |
Lowell Spinners batting - Pitching for Everett AquaSox : LHP Sanjog Veera
|
Batting: RHB Jose Conde
|
0-0: Ball 1-0: SINGLE (Groundball, 56D, EV 108.8 MPH)
|
Pinch Hitting: SHB Jared Snyder
|
0-0: Called Strike 0-1: Swinging Strike 0-2: Ball 1-2: Fielders Choice at 2nd, 1-6 (Groundball, 34S, EV 71.9 MPH)
|
Batting: RHB Jesus Montoya
|
0-0: Foul Ball, location: 2F 0-1: Fly out, F8 (Flyball, 78XD, EV 109.4 MPH)
|
Pinch Hitting: LHB Noel Young
|
0-0: Foul Ball, location: 2F 0-1: Ball 1-1: Foul Ball, location: 2F 1-2: Ball 2-2: DOUBLE (Groundball, 3L, EV 106.2 MPH) Jared Snyder to third
|
Batting: RHB Joel Vazquez
|
0-0: Ball 1-0: Ball 2-0: SINGLE (Groundball, 6D, EV 103.1 MPH) Jared Snyder scores Noel Young to third Runner from 3rd tries for Home, SAFE, throw by LF to home Joel Vazquez to second
|
Pitching: LHP Ed Gilroy
|
|
Batting: RHB Jose Diaz
|
0-0: Hit by Pitch
|
Batting: RHB Billy Ratz
|
0-0: Fly out, F6 (Popup, 6M, EV 53.8 MPH)
|
Bottom of the 8th over - 2 runs, 3 hits, 0 errors, 2 left on base; Everett 10 - Lowell 3 |
TOP OF THE 9TH |
Everett AquaSox batting - Pitching for Lowell Spinners : RHP Jeremy Seitz
|
Now at C: Jared Snyder
|
|
Now at 1B: Tony Rivera
|
|
Now in RF: Jose Diaz
|
|
Pinch Hitting: RHB Stuart Burrows
|
0-0: Called Strike 0-1: Ground out 4-3 (Groundball, 4, EV 86.9 MPH)
|
Batting: RHB Chris Van Niel
|
0-0: Ball 1-0: Called Strike 1-1: Swinging Strike 1-2: Ball 2-2: Strikes out looking and he ARGUES THE CALL AND IS TOSSED!
|
Batting: RHB Omar Solis
|
0-0: Ball 1-0: Ball 2-0: Fly out, F6 (Line Drive, 6, EV 76.2 MPH)
|
Top of the 9th over - 0 runs, 0 hits, 0 errors, 0 left on base; Everett 10 - Lowell 3 |
BOTTOM OF THE 9TH |
Lowell Spinners batting - Pitching for Everett AquaSox : LHP Ed Gilroy
|
Now at 1B: Robby Cuellar
|
|
Now at 3B: Ryan Clark
|
|
Batting: RHB Nick Ameen
|
0-0: Foul Ball, location: 2F 0-1: Called Strike 0-2: Foul Ball, location: 2F 0-2: Ball 1-2: Strikes out swinging
|
Batting: LHB Masumi Abe
|
0-0: Swinging Strike 0-1: Called Strike 0-2: Ground out 6-3 (Groundball, 4, EV 80.6 MPH)
|
Batting: RHB Jose Conde
|
0-0: Called Strike 0-1: Ball 1-1: Ground out 6-3 (Groundball, 6, EV 109.4 MPH)
|
Bottom of the 9th over - 0 runs, 0 hits, 0 errors, 0 left on base; Everett 10 - Lowell 3 |
|